 Dungeon Crawl Stone Soup version 0.31-a0-83-gbff143cfd1 (webtiles) character file.

Game seed: 11725857911160440671

1714250 Flugkiller the Conqueror (level 26, 423/423 HPs)
             Began as an Ogre Transmuter on May 25, 2023.
             Was a High Priest of Hepliaklqana.
             Escaped with the Orb
             ... and 3 runes!
             The game lasted 02:20:19 (62759 turns).

Flugkiller the Conqueror (Ogre Transmuter)         Turns: 62759, Time: 02:20:20

Health: 423/423    AC: 20    Str: 34    XL:     26   Next: 54%
Magic:  42/42      EV: 15    Int: 18    God:    Hepliaklqana [*****.]
Gold:   3561       SH:  0    Dex: 16    Spells: 18/55 levels left

rFire   + +          .
                       - Unarmed
rCold   . . .        (shield currently unavailable)
rNeg    + . .        X - melded +2 robe "Axtem" {rElec Slay-2 Stlth+ Archmagi}
rPois   +            E - melded +2 hat {Will+}
rElec   +            o - melded +2 cloak {Stlth+}
rCorr   .            (gloves unavailable)
SInv    .            (boots unavailable)
Will    ++...        x - amulet of Lipeo {Faith rElec rF+}
Stlth   +            k - ring "Moosh" {rPois rF- rN+ AC+4 Int-2 Dex+6}
HPRegen 0.90/turn    p - ring of protection from cold
MPRegen 0.28/turn

%: faith
@: dragon-form, flying
A: dragon claw, dragon scales, breathe fire, flying, boosted hp, reduced
essence, giant, unfitting armour, (tough skin 1), clever 1, (poison resistance),
inability to read after injury 1, (sturdy frame 1)
0: Orb of Zot
}: 3/15 runes: barnacled, silver, gossamer
a: Breathe Fire, End Transformation, Renounce Religion, Recall Ancestor,
Ancestor Identity, Transference, Idealise


You escaped.
You worshipped Hepliaklqana.
Hepliaklqana was extremely pleased with you.
You were a fearsome dragon!
You visited 9 branches of the dungeon, and saw 45 of its levels.
You also visited: Trove and Wizlab.

You collected 7909 gold pieces.
You spent 4348 gold pieces at shops.

Inventory:

Hand Weapons
 a - the +6 Majin-Bo {spellvamp, MP+6 Int+6}
   (You took it off a Hellbinder in a wizard's laboratory)

   Int:       It affects your intelligence (+6).
   MP:        It affects your magic capacity (+6).
Missiles
 j - 6 throwing nets (quivered)
Armour
 o - a +2 cloak of stealth (melded)
   (You took it off a draconian monk on level 1 of the Realm of Zot)
 E - a +2 hat of willpower (melded)
   (You took it off Gastronok on level 8 of the Dungeon)
 J - a +2 robe of willpower
   (You took it off a wight on level 7 of the Dungeon)
 T - a +2 cloak
   (You found it on level 10 of the Dungeon)
 X - the +2 robe "Axtem" (melded) {rElec Slay-2 Stlth+ Archmagi}
   (You found it on level 4 of the Realm of Zot)

   Slay:      It affects your accuracy & damage with ranged weapons and melee
   (-2).
   rElec:     It insulates you from electricity.
   Archmagi:  It increases the power of your magical spells.
   Stlth:     It makes you more stealthy.
Jewellery
 k - the ring "Moosh" (left foreclaw) {rPois rF- rN+ AC+4 Int-2 Dex+6}
   (You found it on level 1 of the Lair of Beasts)

   [ring of protection]

   AC:        It affects your AC (+4).
   Int:       It affects your intelligence (-2).
   Dex:       It affects your dexterity (+6).
   rF:        It makes you vulnerable to fire.
   rPois:     It protects you from poison.
   rN:        It protects you from negative energy.
 p - a ring of protection from cold (right foreclaw)
   (You found it on level 4 of the Dungeon)
 r - the ring of Gacerit {rPois rF+ rCorr Int+5 SInv}
   (You found it on level 4 of the Spider Nest)

   [ring of protection from fire]

   Int:       It affects your intelligence (+5).
   rF:        It protects you from fire.
   rPois:     It protects you from poison.
   SInv:      It lets you see invisible.
   rCorr:     It protects you from acid and corrosion.
 v - a +5 ring of evasion
   (You found it on level 1 of the Dungeon)
 x - the amulet of Lipeo (around neck) {Faith rElec rF+}
   (You bought it in a shop on level 1 of the Depths)

   [amulet of faith]

   It allows you to gain divine favour quickly.
   rF:        It protects you from fire.
   rElec:     It insulates you from electricity.
 K - the ring "Poitz" {Will+ Str+3}
   (You bought it in a shop on level 5 of the Vaults)

   [ring of willpower]

   Str:       It affects your strength (+3).
   Will:      It increases your willpower.
 L - the ring "Nyodic" {rF+ rN+}
   (You took it off a meliai on level 4 of the Lair of Beasts)

   [ring of protection from fire]

   rF:        It protects you from fire.
   rN:        It protects you from negative energy.
 U - the ring of Gozag's Pride {Ice Str+3 Int+3}
   (You took it off Josephina on level 2 of the Realm of Zot)

   [ring of ice]

   It enhances your ice magic.
   Str:       It affects your strength (+3).
   Int:       It affects your intelligence (+3).
   rF:        It makes you vulnerable to fire.
   rC:        It protects you from cold.
Wands
 c - a wand of acid (35)
   (You found it in a treasure trove)
 f - a wand of iceblast (37)
   (You found it in a treasure trove)
 g - a wand of charming (46)
   (You found it in a treasure trove)
 i - a wand of digging (10)
   (You found it in a treasure trove)
 y - a wand of mindburst (26)
   (You took it off an orc wizard on level 6 of the Dungeon)
Scrolls
 t - 16 scrolls of teleportation
 z - a scroll of blinking
 B - 3 scrolls of butterflies
 F - 6 scrolls of fear
 G - a scroll of magic mapping
 H - 2 scrolls of silence
 I - 3 scrolls of immolation
 N - 4 scrolls of poison
 P - 4 scrolls of vulnerability
 R - a scroll of enchant armour
 S - 5 scrolls of fog
Potions
 b - 7 potions of lignification
 d - 6 potions of might
 e - 5 potions of enlightenment
 h - a potion of haste
 m - a potion of magic
 n - 7 potions of resistance
 q - 27 potions of curing
 s - 8 potions of cancellation
 w - 8 potions of heal wounds
 A - a potion of mutation
 M - 11 potions of ambrosia
 Q - 3 potions of berserk rage
Miscellaneous
 l - a phial of floods
   (You found it on level 1 of the Orcish Mines)
 u - a box of beasts
   (You found it on level 5 of the Lair of Beasts)
 O - a phantom mirror
   (You found it on level 4 of the Shoals)
 W - a tin of tremorstones (2/2)
   (You found it on level 2 of the Lair of Beasts)
 Z - a lightning rod (4/4)
   (You found it on level 14 of the Dungeon)


   Skills:
 O Level 27 Fighting
 - Level 15.0 Dodging
 + Level 22.8 Unarmed Combat
 - Level 15.0 Spellcasting
 - Level 6.0 Translocations
 - Level 17.0 Transmutations
 - Level 4.0 Ice Magic
 - Level 6.0 Air Magic
 - Level 10.0 Earth Magic
 - Level 2.0 Poison Magic
 - Level 14.0 Invocations
 - Level 14.0 Evocations


You had 18 spell levels left.
You knew the following spells:

 Your Spells              Type           Power      Damage    Failure   Level
a - Beastly Appendage     Tmut           100%       N/A       0%          1
b - Wereblood             Tmut           65%        N/A       0%          2
c - Spider Form           Tmut/Pois      40%        N/A       1%          3
d - Ice Form              Ice/Tmut       44%        N/A       1%          4
e - Dragon Form           Tmut           32%        N/A       3%          7
f - Vhi's Electric Charg  Tloc/Air       56%        N/A       2%          3
g - Ozocubu's Armour      Ice            27%        N/A       2%          3
h - Statue Form           Tmut/Erth      35%        N/A       6%          6
i - Lesser Beckoning      Tloc           70%        N/A       1%          2
j - Yara's Violent Unrav  Hex/Tmut       18%        3d9       9%          5
q - Apportation           Tloc           70%        N/A       1%          1

Your spell library contained the following spells:

 Spells                   Type           Power      Damage    Failure   Level
 Freeze                   Ice            100%       1d10      1%          1
 Sting                    Tmut/Pois      100%       1d8       1%          1
 Passwall                 Tmut/Erth      44%        N/A       1%          2
 Gell's Gravitas          Tloc           35%        N/A       1%          3
 Teleport Other           Tloc           35%        N/A       1%          3
 Petrify                  Tmut/Erth      53%        N/A       1%          4
 Blade Hands              Tmut           32%        N/A       1%          5
 Frozen Ramparts          Ice            54%        1d9       2%          3
 Lee's Rapid Deconstruct  Erth           24%        3d13*     2%          5
 Ignite Poison            Fire/Tmut/Pois 27%        N/A       3%          3
 Necrotise                Necr           52%        1d6       4%          1
 Summon Small Mammal      Summ           52%        N/A       4%          1
 Alistair's Intoxication  Tmut/Pois      26%        N/A       6%          5
 Call Imp                 Summ           26%        N/A       7%          2
 Sublimation of Blood     Necr           13%        N/A       7%          2
 Volatile Blastmotes      Fire/Tloc      34%        2d12      9%          3
 Animate Armour           Summ/Erth      48%        N/A       13%         4
 Hailstorm                Conj/Ice       13%        3d5       14%         3
 Dazzling Flash           Conj/Hex       12%        N/A       30%         3
 Inner Flame              Hex/Fire       6%         N/A       30%         3
 Iskenderun's Mystic Bla  Conj/Tloc      17%        2d5       30%         4
 Eringya's Noxious Bog    Tmut/Pois      20%        N/A       32%         6
 Borgnjor's Vile Clutch   Necr/Erth      12%        N/A       36%         5
 Summon Ice Beast         Ice/Summ       13%        N/A       41%         4
 Cause Fear               Hex            6%         N/A       43%         4
 Arcjolt                  Conj/Air       8%         1d18      63%         5
 Silence                  Hex/Air        8%         N/A       63%         5
 Summon Forest            Summ/Tloc      8%         N/A       63%         5
 Anguish                  Hex/Necr       3%         N/A       71%         4
 Flame Wave               Conj/Fire      6%         2d5       71%         4
 Fulminant Prism          Conj/Hex       3%         3d5       71%         4
 Sticky Flame             Conj/Fire      6%         2d3       71%         4
 Metabolic Englaciation   Hex/Ice        6%         N/A       77%         5
 Agony                    Necr           13%        N/A       78%         5
 Iskenderun's Battlesphe  Conj           13%        2d7       78%         5
 Iron Shot                Conj/Erth      12%        9d3       90%         6
 Summon Mana Viper        Hex/Summ       6%         N/A       96%         5
 Conjure Ball Lightning   Conj/Air       8%         3x3d6     99%         6
 Simulacrum               Ice/Necr       6%         N/A       100%        6
 Summon Cactus Giant      Summ           6%         N/A       100%        6
 Enfeeble                 Hex            6%         N/A       100%        7
 Ozocubu's Refrigeration  Ice            13%        4d10      100%        7
 Summon Hydra             Summ           6%         N/A       100%        7
 Borgnjor's Revivificati  Necr           6%         N/A       100%        8
 Ignition                 Fire           6%         3d4       100%        8
 Maxwell's Capacitive Co  Air            17%        ∞         100%        8
 Necromutation            Tmut/Necr      18%        N/A       100%        8
 Death's Door             Necr           6%         N/A       100%        9
 Dragon's Call            Summ           6%         N/A       100%        9


Dungeon Overview and Level Annotations

Branches:
Dungeon (15/15)            Temple (1/1) D:4            Lair (5/5) D:10
 Shoals (4/4) Lair:3       Spider (4/4) Lair:3        Slime (0/5) Lair:5
    Orc (2/2) D:12            Elf (0/3) Orc:2        Vaults (5/5) D:13
  Crypt (0/3) Vaults:3     Depths (4/4) D:15            Zot (5/5) Depths:4
 WizLab (visited)

Altars:
Ashenzari
Cheibriados
Dithmenos
Elyvilon
Fedhas
Gozag
Hepliaklqana
Kikubaaqudgha
Makhleb
Nemelex Xobeh
Okawaru
Qazlal
Ru
Sif Muna
Trog
Uskayaw
Vehumet
Wu Jian
Xom
Yredelemnul
Zin
The Shining One
Jiyva

Shops:
D:8 :   Orc:1 *   Orc:2 ?[(!!**   Vaults:5 *   Depths:1 :==*   Depths:3 !

Portals:
Hell: Depths:1 Depths:2 Depths:3 Depths:4
Abyss: Depths:3
Pandemonium: Depths:2
Ziggurat: Depths:2

Annotations:
D:7 exclusion: downstairs
Lair:5 exclusion: obsidian statue
Depths:1 3 runed translucent doors, exclusion: obsidian statue, vineage's ghost, master GrFi
Depths:3 2 runed translucent doors, Ulof's ghost, adept HOMo
Zot:5 1 exclusion


Innate Abilities, Weirdness & Mutations

You are a fearsome dragon!
You have a powerful clawing attack.
Your giant scaled body is strong and resiliant, but less evasive.
You can breathe fire.
You are flying.
Your maximum health is greatly increased.
Your armour is entirely melded.
You are incapable of wielding weapons or throwing items.
Your life essence is reduced to manifest your ancestor. (-10% HP)
You are too large for most types of armour.
((You have tough skin. (AC +1)))
Your mind is acute. (Int +4, Str/Dex -1)
((Your system is resistant to poisons. (rPois)))
You occasionally lose the ability to read scrolls when taking damage.
((Your movements are slightly less encumbered by armour. (ER -2)))


Message History

(N) Spider Nest (M) Slime Pits (O) Orcish Mines (E) Elven Halls (V) Vaults (C) Crypt (U) Depths (H) Hell (Z) Zot
Where to? (Enter - D:1 @ (x,y), ? - help)
An orange demon comes into view.
Things that are here:
a +0 sling; a +0 whip Lici emerges from the mists of memory!
You swap places.
There is a stone staircase leading up here.
You fly upwards.
There is a stone staircase leading down here.
Lici is recalled.
(D) Dungeon (T) Temple (L) Lair (A) Shoals (N) Spider Nest (M) Slime Pits (O) Orcish Mines (E) Elven Halls (V) Vaults (C) Crypt (U) Depths (H) Hell (Z) Zot
Where to? (Enter - D:1 @ (x,y), ? - help) HP restored.
There is a stone staircase leading up here.
You fly upwards.
There is a stone staircase leading down here.
You swap places.
An orange demon comes into view.
You swap places.
Lici points at the orange demon and mumbles some strange words.
The crystal spear hits the orange demon!!
Lici gestures at the orange demon while chanting.
The crystal spear hits the orange demon!!!
The orange demon dies!
No target in view!
No target in view!
(D) Dungeon (T) Temple (L) Lair (A) Shoals (N) Spider Nest (M) Slime Pits (O) Orcish Mines (E) Elven Halls (V) Vaults (C) Crypt (U) Depths (H) Hell (Z) Zot
Where to? (Enter - D:1 @ (x,y), ? - help)
You swap places.
Magic restored.
A ynoxinul comes into view.
The ynoxinul gestures.
The ufetubus shouts!
There is an open door here.
The ufetubus hits you. The ufetubus closely misses you.
The ynoxinul gestures.
The ufetubus misses you. The ufetubus closely misses you.
You bite the ufetubus!!
You kill the ufetubus!
The ufetubus disappears in a puff of smoke!
You closely miss the ufetubus. You tail-slap the ufetubus!
You kill the ufetubus!
The ufetubus disappears in a puff of smoke!
Lici casts a spell.
Lici seems to speed up.
You maul the ynoxinul!!!
You kill the ynoxinul!
The ufetubus disappears in a puff of smoke! x2
No target in view!
There is an open door here.
There is a stone staircase leading up here.
You fly upwards.
There is a stone staircase leading down here.
(D) Dungeon (T) Temple (L) Lair (A) Shoals (N) Spider Nest (M) Slime Pits (O) Orcish Mines (E) Elven Halls (V) Vaults (C) Crypt (U) Depths (H) Hell (Z) Zot
Where to? (Enter - D:1 @ (x,y), ? - help)
There is a stone staircase leading up here.
You fly upwards.
Your transformation is almost over.
There is a stone staircase leading down, spattered with blood here.
You swap places.
HP restored.
Your transformation has ended.
Your +2 cloak of stealth unmelds from your body.
Your +2 hat of willpower unmelds from your body.
The +2 robe "Axtem" {rElec Slay-2 Stlth+ Archmagi} unmelds from your body.
You feel stealthy.
You feel strong-willed.
Unknown command.
Casting: Dragon Form (mildly dangerous; 3% risk of failure)
Confirm with . or Enter, or press ? or * to list all spells.
You feel a surge of power!
You turn into a fearsome dragon!
Your +2 cloak of stealth melds into your body.
Your +2 hat of willpower melds into your body.
The +2 robe "Axtem" {rElec Slay-2 Stlth+ Archmagi} melds into your body.
You feel less stealthy.
You feel less strong-willed.
(D) Dungeon (T) Temple (L) Lair (A) Shoals (N) Spider Nest (M) Slime Pits (O) Orcish Mines (E) Elven Halls (V) Vaults (C) Crypt (U) Depths (H) Hell (Z) Zot
Where to? (Enter - D:1 @ (x,y), ? - help)
There is a stone staircase leading up here.
You fly upwards.
There is a stone staircase leading down here.
Lici is no longer moving quickly.
Magic restored.
There is a staircase leading out of the dungeon here.
Unknown command.
Enter note: gg You have escaped!

##.(##....##.##............#
##..#####.##....#.....####.#
.....# #.##########..# #.# .##..#
#.# ####..# #.###### .##..##
#.#######.....# #....... ......#
#......##.....# #..#####
..#...###########.....# #..#####
..#..........###R8....# #.......
..#..##........#D....## #..#####
..#...#.####.###.8...# #..#
.##.#...####.####....#####..#
.##...####..#..##...........#
.##.### #.#.####....#####.######
..#.### #.#.#######.### #.......
......####.#...#####...##########
........##.#####.......##.##
.##.#.#................#.#.##


You could see the friendly Lici the battlemage.

Vanquished Creatures
  4 dread liches
  3 ancient liches
  3 orbs of fire
  2 pandemonium lords
  2 Killer Klowns (Zot:5)
  11 golden dragons
  A Hellbinder (WizLab)
  2 electric golems (Zot:5)
  Jorgrun (Spider:3)
  19 Orb Guardians
  Rupert (D:13)
  Asterion (Spider:1)
  4 liches
  18 tentacled monstrosities
  2 Hell Sentinels
  6 titans (Vaults:5)
  6 quicksilver dragons
  3 sphinxes
  Gastronok (D:8)
  10 death cobs
  The ghost of Zepudu the Warrior, an adept MiFi of Okawaru (Spider:4)
  5 shadow dragons
  7 tengu reavers
  Roxanne (Spider:1)
  Donald (Shoals:4)
  6 draconian monks
  14 storm dragons
  5 fire giants
  5 emperor scorpions
  6 frost giants
  3 draconian knights
  2 draconian scorchers
  An iron dragon (Vaults:5)
  15 vault wardens
  2 orc warlords
  2 deep elf sorcerers
  8 draconian shifters
  The ghost of KimchiStew the Severer, a journeyman HOFi of Okawaru (Lair:4)
  8 ghost moths
  A cacodemon (WizLab)
  14 ironbound preservers
  The ghost of Joaw the Bludgeoner, a journeyman GrFi of Okawaru (Orc:1)
  11 stone giants
  2 spriggan defenders
  2 vampire knights
  2 war gargoyles
  8 green draconians
  3 draconian stormcallers
  4 ironbound thunderhulks
  27 very ugly things
  7 purple draconians
  A deep elf annihilator (Vaults:5)
  A demonspawn black sun (WizLab)
  2 black draconians
  14 red draconians
  8 yellow draconians
  5 white draconians
  7 dire elephants
  2 formless jellyfish
  4 spark wasps
  A merfolk javelineer (Shoals:4)
  7 ettins
  A deep elf death mage (Vaults:5)
  2 green deaths (WizLab)
  10 entropy weavers
  7 fire dragons
  6 merfolk impalers
  6 jiangshi
  An entropy weaver (shapeshifter) (Vaults:5)
  10 yaktaur captains
  10 great orbs of eyes
  29 vault guards
  3 rakshasas
  7 hydras
  4 radroaches
  6 ice dragons
  2 spriggan air magi (Depths:2)
  7 boulder beetles
  A merfolk avatar (Shoals:1)
  An anaconda (shapeshifter) (Vaults:5)
  A jorogumo (Spider:3)
  2 merfolk aquamancers
  9 centaur warriors
  8 ironbound frosthearts
  A death knight (D:15)
  3 satyrs
  2 two-headed ogres
  6 tengu warriors
  7 deep troll earth magi
  3 death yaks
  3 spriggan berserkers (Depths:3)
  2 vampire magi
  5 deep troll shamans
  An orc high priest (Orc:2)
  4 hell knights
  2 spriggans (Depths:2)
  3 soul eaters
  A skyshark (shapeshifter) (Vaults:5)
  11 sun demons
  The ghost of Mesmaeker13 the Lord of Darkness, a journeyman VSNe of Kikubaaqudgha (Lair:1)
  A large abomination (D:12)
  7 skysharks
  A sixfirhy (Depths:2)
  8 iron trolls
  5 glowing orange brains
  9 pharaoh ants
  A sun moth (Spider:3)
  46 deep trolls
  A glowing orange brain (shapeshifter) (Vaults:5)
  A deep troll (shapeshifter) (Vaults:4)
  4 sea snakes
  Pikel (D:8)
  A flayed ghost (Depths:4)
  2 orb spiders
  9 wizards
  9 steelbarb worms
  23 harpies
  16 ironbound convokers
  12 orc knights
  2 phantasmal warriors (Vaults:5)
  A deep elf zephyrmancer (D:15)
  14 wolf spiders
  A deep elf pyromancer (D:14)
  7 lindwurms
  A manticore (shapeshifter) (Vaults:5)
  11 necromancers
  An orc sorcerer (D:15)
  7 fauns
  5 mana vipers (Depths:3)
  5 cyclopes
  37 ugly things
  29 moths of wrath
  10 manticores
  2 merfolk sirens
  9 elephants
  14 demonic crawlers
  2 guardian serpents (shapeshifter)
  4 water nymphs
  A toenail golem (Depths:3)
  A human skeleton (Vaults:2)
  9 vault sentinels
  5 black mambas
  A storm dragon simulacrum (Zot:2)
  6 torpor snails
  A centaur skeleton (D:15)
  2 gargoyles
  4 orange demons
  2 hellions
  11 cane toads
  2 efreet
  11 komodo dragons
  A rime drake (Lair:3)
  25 yaktaurs
  A yaktaur (shapeshifter) (D:15)
  3 tengu conjurers
  Maggie (D:10)
  2 ice devils (WizLab)
  A golden dragon simulacrum (Zot:2)
  A freezing wraith (D:15)
  4 red devils (WizLab)
  6 meliai
  21 merfolk
  A queen bee (Lair:4)
  6 hornets
  8 trolls
  11 tarantellas
  7 wind drakes
  3 dream sheep (Shoals:2)
  3 snapping turtles
  7 blink frogs
  A human simulacrum (Vaults:2)
  A spectral orc (Orc:1)
  15 jumping spiders
  2 shadows
  8 water elementals
  6 culicivoras
  13 slime creatures
  A wraith (D:11)
  A dire elephant simulacrum (Lair:5)
  A wyvern (shapeshifter) (Vaults:5)
  5 humans (D:13)
  30 redbacks
  32 yaks
  4 basilisks
  A ynoxinul (D:4)
  8 vampire mosquitoes
  A neqoxec (WizLab)
  2 death yak simulacra (Lair:5)
  2 spectral cane toads (Lair:5)
  12 water moccasins
  15 orc warriors
  An ice beast (D:6)
  A black bear (D:6)
  5 ogres
  8 wolves
  4 centaurs
  2 phantoms (D:5)
  A spectral cyclops (Orc:1)
  2 bullfrogs
  A kobold brigand (D:10)
  6 scorpions
  A two-headed ogre simulacrum (Orc:1)
  7 wights
  8 killer bees
  6 howler monkeys
  5 hounds
  2 gnoll boudas
  16 orc priests
  Jessica (D:2)
  3 iguanas
  Natasha (thrice) (D:2)
  23 orc wizards
  A boggart skeleton (D:15)
  4 gnolls
  4 adders
  2 shadow imps
  A white imp (D:5)
  An ufetubus (D:3)
  An orc simulacrum (Orc:1)
  4 worms
  2 dart slugs
  59 orcs
  6 bats
  5 endoplasms
  5 giant cockroaches
  5 goblins
  7 hobgoblins
  10 jackals
  4 quokkas
  8 ball pythons
  7 frilled lizards
  A frilled lizard (shapeshifter) (Vaults:5)
  8 kobolds
  9 rats
1423 creatures vanquished.

Vanquished Creatures (collateral kills)
  2 dread liches (Zot:5)
  2 orbs of fire
  Josephina (Zot:2)
  2 Killer Klowns (Zot:5)
  3 golden dragons
  7 Orb Guardians (Zot:5)
  2 liches
  A tentacled monstrosity (Zot:2)
  2 quicksilver dragons (Zot:3)
  A titan (Vaults:5)
  2 death cobs
  Frances (D:13)
  A sphinx (Vaults:2)
  3 shadow dragons
  4 draconian monks
  3 storm dragons
  A draconian knight (Zot:3)
  4 fire giants
  A balrug (WizLab)
  A frost giant (Vaults:5)
  3 ghost moths
  A draconian scorcher (Zot:5)
  A draconian shifter (Zot:5)
  2 orc warlords
  2 vault wardens
  A draconian stormcaller (Zot:3)
  2 draconian annihilators
  3 very ugly things
  3 stone giants
  5 ironbound preservers
  An ironbound thunderhulk (Vaults:2)
  Nessos (D:13)
  2 green draconians
  5 black draconians
  A lorocyproca (D:8)
  2 dire elephants (Lair:5)
  2 yellow draconians
  2 purple draconians
  2 spark wasps (Depths:4)
  4 red draconians
  3 white draconians
  2 ettins
  2 entropy weavers
  A fire dragon (Depths:4)
  A blizzard demon (Zot:1)
  A merfolk impaler (Shoals:4)
  3 yaktaur captains
  2 great orbs of eyes (Vaults:2)
  6 hydras
  2 merfolk javelineers (Shoals:4)
  A jorogumo (Spider:3)
  5 vault guards (Vaults:5)
  2 deep elf high priests (Vaults:5)
  A radroach (Spider:4)
  A catoblepas (D:15)
  An ogre mage (D:15)
  3 centaur warriors
  Erica (D:9)
  2 ironbound frosthearts
  2 boulder beetles
  5 satyrs
  3 merfolk aquamancers (Shoals:4)
  A death yak (Lair:5)
  5 two-headed ogres
  2 deep troll earth magi
  A soul eater (WizLab)
  A spriggan berserker (Depths:3)
  Nergalle (Lair:1)
  An iron troll (D:15)
  2 sixfirhies (WizLab)
  A skyshark (Shoals:3)
  A shadow demon (WizLab)
  A spectral anaconda (Lair:5)
  2 pharaoh ants (Spider:4)
  2 orb spiders
  A sea snake (Shoals:3)
  7 deep trolls
  Lodul (D:12)
  2 wizards
  2 ironbound convokers (Vaults:4)
  A glowing orange brain (Vaults:1)
  3 steelbarb worms (Spider:4)
  4 necromancers
  4 lindwurms
  A deep elf pyromancer (D:15)
  5 harpies
  9 ugly things
  An orc sorcerer (D:15)
  2 shining eyes (Depths:1)
  A faun (Shoals:4)
  4 manticores
  8 moths of wrath
  A centaur zombie (D:15)
  A water nymph (Shoals:3)
  A smoke demon (WizLab)
  3 elephants (Lair:5)
  An orange demon (D:4)
  A vault sentinel (Vaults:1)
  2 merfolk sirens
  An unseen horror (D:11)
  A torpor snail (Spider:3)
  Psyche (D:8)
  3 cane toads (Lair:1)
  2 komodo dragons
  2 hellions (WizLab)
  A freezing wraith (D:14)
  3 yaktaurs
  2 rime drakes
  A tengu conjurer (Depths:4)
  An ice devil (Depths:4)
  A queen bee (shapeshifter) (Vaults:5)
  7 tarantellas
  3 merfolk
  2 meliai (Spider:4)
  A troll (D:14)
  A wind drake (Shoals:4)
  2 blink frogs
  An ettin zombie (Vaults:2)
  A spectral elephant (Lair:5)
  A dream sheep (Shoals:2)
  4 jumping spiders
  3 culicivoras (Spider:3)
  A slime creature (Vaults:4)
  A culicivora (shapeshifter) (Vaults:5)
  5 yaks
  A wyvern (D:9)
  2 water elementals (Shoals:3)
  2 wraiths
  2 basilisks
  Grum (D:10)
  A yellow draconian simulacrum (Zot:2)
  12 humans (D:13)
  2 vampire mosquitoes (D:15)
  11 redbacks
  A steam dragon (D:8)
  2 neqoxecs
  A warg (Orc:2)
  A naga (shapeshifter) (Vaults:5)
  A moth of wrath simulacrum (Zot:2)
  3 water moccasins
  A black bear (D:8)
  11 orc warriors
  5 centaurs
  10 ogres
  6 wolves
  A lemure (D:8)
  4 bullfrogs
  9 wights
  A battlemage (D:13)
  4 killer bees
  A howler monkey (D:8)
  8 orc priests
  An iguana (D:7)
  16 orc wizards
  A spectral orc (Orc:1)
  A troll simulacrum (Orc:1)
  2 ogre simulacra (Orc:1)
  A shadow imp (D:8)
  53 orcs
457 creatures vanquished.

Vanquished Creatures (others)
  A very ugly thing (Depths:1)
  A purple draconian (Zot:2)
  A culicivora (Spider:4)
  A moth of wrath simulacrum (Zot:2)
  An ancestor (D:7)
  82 battlemagi
  An orc (Orc:2)
88 creatures vanquished.

Grand Total: 1968 creatures vanquished

Notes
Turn   | Place    | Note
-------+----------+-------------------------------------------
     0 | D:1      | Flugkiller the Ogre Transmuter began the quest for the Orb.
     0 | D:1      | Reached XP level 1. HP: 19/19 MP: 3/3
   106 | D:1      | Reached skill level 2 in Fighting
   106 | D:1      | Reached XP level 2. HP: 18/28 MP: 3/5
   201 | D:1      | Learned a level 2 spell: Wereblood
   916 | D:2      | Reached XP level 3. HP: 35/35 MP: 5/7
   920 | D:2      | Learned a level 3 spell: Spider Form
  1021 | D:2      | Noticed Natasha
  1044 | D:2      | Killed Natasha
  1217 | D:2      | Reached skill level 1 in Poison Magic
  1217 | D:2      | Reached XP level 4. HP: 25/42 MP: 7/9
  1309 | D:2      | Noticed Natasha
  1316 | D:2      | Killed Natasha
  1370 | D:2      | Reached XP level 5. HP: 49/49 MP: 6/10
  1407 | D:2      | Learned a level 4 spell: Ice Form
  1521 | D:2      | Noticed Natasha
  1533 | D:2      | Killed Natasha
  1584 | D:2      | Noticed Jessica
  1605 | D:2      | Killed Jessica
  2201 | D:3      | Found a radiant altar of Vehumet.
  2276 | D:3      | Reached skill level 3 in Fighting
  2511 | D:3      | Reached XP level 6. HP: 61/61 MP: 12/12
  2929 | D:3      | Reached skill level 4 in Fighting
  3488 | D:3      | Reached skill level 5 in Fighting
  3488 | D:3      | Reached XP level 7. HP: 72/72 MP: 9/13
  4188 | D:4      | Found a staircase to the Ecumenical Temple.
  4331 | Temple   | Entered the Ecumenical Temple
  4367 | Temple   | Became a worshipper of Hepliaklqana the Forgotten
  4401 | D:5      | Entered Level 5 of the Dungeon
  4588 | D:5      | Noticed a yak
  4589 | D:5      | Noticed a yak
  4625 | D:5      | Killed a yak
  4626 | D:5      | Reached skill level 1 in Ice Magic
  4700 | D:5      | Noticed a yak
  4838 | D:5      | Found a shimmering altar of Xom.
  4838 | D:5      | Found a snail-covered altar of Cheibriados.
  4886 | D:5      | Reached XP level 8. HP: 81/83 MP: 9/15
  5009 | D:5      | Found a blossoming altar of Fedhas.
  5039 | D:5      | Reached skill level 6 in Fighting
  5178 | D:6      | Reached skill level 5 in Spellcasting
  5823 | D:5      | Killed a yak
  5913 | D:5      | Killed a yak
  5914 | D:5      | Reached skill level 7 in Fighting
  6077 | D:5      | Reached skill level 5 in Transmutations
  6150 | D:5      | Reached XP level 9. HP: 93/93 MP: 7/16
  6569 | D:6      | Reached skill level 5 in Unarmed Combat
  6828 | D:6      | Reached * piety under Hepliaklqana
  6931 | D:6      | Found a burning altar of Makhleb.
  6931 | D:6      | Found a sparkling altar of Nemelex Xobeh.
  7044 | D:6      | Reached skill level 1 in Evocations
  7401 | D:7      | Found an opulent altar of Gozag.
  7404 | D:7      | Found a shimmering blue altar of Sif Muna.
  7417 | D:7      | Identified the +4 short sword of Evvorhef {flame, rElec
                  | rPois Int-5 Stlth+}
  7451 | D:7      | Noticed a hornet
  7459 | D:7      | Killed a hornet
  7631 | D:7      | Reached ** piety under Hepliaklqana
  7686 | D:7      | Remembered your ancestor Lici as a battlemage
  8047 | D:8      | Noticed Gastronok
  8439 | D:8      | Killed Gastronok
  8440 | D:8      | Reached skill level 9 in Fighting
  8440 | D:8      | Reached XP level 10. HP: 82/96 MP: 15/19
  8508 | D:8      | Noticed Psyche
  8515 | D:8      | Killed Psyche
  8538 | D:8      | Reached skill level 10 in Fighting
  8608 | D:8      | Found Oroocese's Self-Improvement Boutique.
  8696 | D:8      | Noticed Pikel
  8710 | D:8      | Killed Pikel
  9536 | D:9      | Identified the +0 short sword of Victory {venom, rElec rC++
                  | Str-5 Stlth+}
  9622 | D:9      | Identified the +3 rapier "Vapo" {drain, Drain rF+ Str+5
                  | Int+4}
  9632 | D:9      | Found a white marble altar of Elyvilon.
  9672 | D:9      | Reached *** piety under Hepliaklqana
  9787 | D:9      | Reached XP level 11. HP: 105/105 MP: 15/20
  9790 | D:9      | Noticed a cyclops
  9814 | D:9      | Killed a cyclops
  9815 | D:9      | Reached skill level 5 in Dodging
 10133 | D:10     | Entered Level 10 of the Dungeon
 10133 | D:10     | Noticed Erica
 10141 | D:9      | Killed Erica
 10208 | D:10     | Reached skill level 1 in Invocations
 10245 | D:10     | Noticed a two-headed ogre
 10283 | D:10     | Reached skill level 5 in Evocations
 10724 | D:10     | Noticed a boulder beetle
 10750 | D:10     | Killed a boulder beetle
 10881 | D:10     | Found a staircase to the Lair.
 10960 | D:10     | Found a glowing silver altar of Zin.
 11048 | D:10     | Reached skill level 11 in Fighting
 11180 | D:10     | You fall into a shaft and drop 2 floors!
 11182 | D:12     | Noticed Lodul
 11319 | D:12     | Reached **** piety under Hepliaklqana
 11481 | D:10     | Noticed Grum
 11493 | D:10     | Killed Grum
 11558 | D:10     | Noticed Maggie
 11566 | D:10     | Killed Maggie
 11784 | D:10     | Killed a two-headed ogre
 11853 | D:11     | Noticed a manticore
 11861 | D:11     | Killed a manticore
 11940 | D:11     | Noticed a manticore
 11950 | D:11     | Killed a manticore
 11951 | D:11     | Reached XP level 12. HP: 105/117 MP: 18/23
 12697 | D:11     | Noticed a two-headed ogre
 12744 | D:11     | Killed a two-headed ogre
 12745 | D:11     | Reached skill level 12 in Fighting
 12931 | D:11     | Reached skill level 5 in Invocations
 13095 | Lair:1   | Entered Level 1 of the Lair of Beasts
 13104 | Lair:1   | Learned a level 7 spell: Dragon Form
 13212 | Lair:1   | Identified the +4 short sword of the Warrior-Mage {heavy,
                  | Contam rElec rC- Str+10}
 13473 | Lair:1   | Noticed Nergalle
 13484 | Lair:1   | Killed Nergalle
 13495 | Lair:1   | Reached ***** piety under Hepliaklqana
 13569 | Lair:1   | Found a transporter.
 13582 | Lair:1   | Found a transporter.
 13585 | Lair:1   | Noticed Mesmaeker13's ghost (journeyman VSNe)
 14092 | Lair:2   | Reached skill level 13 in Fighting
 14105 | Lair:2   | Identified the scarf of Zuczoisch {+Inv, -Cast rPois rF+
                  | Will++}
 14244 | Lair:2   | Reached XP level 13. HP: 129/129 MP: 22/26
 14721 | Lair:3   | Found a hole to the Spider Nest.
 15059 | Lair:3   | Found an ornate altar of the Wu Jian Council.
 15060 | Lair:3   | Found a hide-covered altar of Uskayaw.
 15070 | Lair:3   | Reached skill level 10 in Spellcasting
 15070 | Lair:3   | Reached skill level 10 in Transmutations
 15113 | Lair:3   | Found a staircase to the Shoals.
 15890 | Lair:4   | Found a transporter.
 15892 | Lair:4   | Found a transporter.
 15903 | Lair:4   | Reached skill level 14 in Fighting
 15917 | Lair:4   | Identified the ring of Makhleb's Inspiration {rF+++ Str-5
                  | Int+4 Dex+3 SInv}
 16172 | Lair:4   | Identified the ring "Nyodic" {rF+ rN+}
 16509 | Lair:4   | Reached ****** piety under Hepliaklqana
 16529 | Lair:4   | Noticed KimchiStew's ghost (journeyman HOFi)
 16723 | Lair:5   | Entered Level 5 of the Lair of Beasts
 16765 | Lair:5   | Found a viscous altar of Jiyva.
 16765 | Lair:5   | Found a staircase to the Slime Pits.
 17165 | Lair:5   | Reached XP level 14. HP: 141/141 MP: 24/29
 17190 | Lair:5   | Noticed a dire elephant
 17190 | Lair:5   | Noticed a dire elephant
 17190 | Lair:5   | Noticed a dire elephant
 17190 | Lair:5   | Noticed a dire elephant
 17190 | Lair:5   | Noticed a dire elephant
 17196 | Lair:5   | Killed a dire elephant
 17301 | Lair:5   | Killed a dire elephant
 17481 | Lair:5   | Reached skill level 15 in Fighting
 17663 | Lair:5   | Reached skill level 10 in Unarmed Combat
 18059 | Lair:5   | Killed a dire elephant
 18122 | Lair:5   | Killed a dire elephant
 18240 | Lair:5   | Killed a dire elephant
 18407 | Lair:5   | Got the Tome of Frostbitten Kindling
 18921 | D:12     | Found a staircase to the Orcish Mines.
 19072 | D:12     | Killed Lodul
 19098 | D:12     | Found a portal to a secret trove of treasure.
 19901 | D:13     | Identified the +7 short sword of the Snake Pit {flame,
                  | rPois MP+9 Str+2}
 19926 | D:13     | Reached skill level 16 in Fighting
 20028 | D:13     | Noticed Rupert
 20501 | D:13     | Noticed Nessos
 20518 | D:13     | Killed Nessos
 20672 | D:13     | Reached XP level 15. HP: 50/153 MP: 21/31
 21455 | D:13     | Noticed Frances
 21466 | D:13     | Killed Frances
 21730 | D:13     | Found a gate to the Vaults.
 21771 | D:13     | Killed Rupert
 22561 | D:14     | Reached skill level 17 in Fighting
 22634 | D:14     | Gained mutation: You occasionally lose the ability to read
                  | scrolls when taking damage. [mutagenic glow]
 22649 | D:14     | Gained mutation: You sometimes lose the ability to read
                  | scrolls when taking damage. [mutagenic glow]
 22660 | D:13     | Gained mutation: You expend magic power (3 MP) to
                  | strengthen your wands. [mutagenic glow]
 22780 | D:13     | Lost mutation: You expend magic power (3 MP) to strengthen
                  | your wands. [potion of mutation]
 22780 | D:13     | Lost mutation: You sometimes lose the ability to read
                  | scrolls when taking damage. [potion of mutation]
 22780 | D:13     | Gained mutation: You have sharp toenails. [potion of
                  | mutation]
 22780 | D:13     | Gained mutation: Your spells are a little harder to cast,
                  | but a little more powerful. [potion of mutation]
 23639 | D:15     | Entered Level 15 of the Dungeon
 23684 | D:15     | Gained mutation: Potions are less effective at restoring
                  | your health. [mutagenic glow]
 23685 | D:15     | Identified the +3 leather armour "Jonye" {Regen+ Int+2}
 23704 | D:15     | Lost mutation: You occasionally lose the ability to read
                  | scrolls when taking damage. [potion of mutation]
 23704 | D:15     | Lost mutation: You have sharp toenails. [potion of
                  | mutation]
 23704 | D:15     | Gained mutation: You possess an exceptional clarity of
                  | mind. [potion of mutation]
 23704 | D:15     | Gained mutation: You are frail. (-10% HP) [potion of
                  | mutation]
 23704 | D:15     | Gained mutation: You passively dampen the noise of your
                  | surroundings. [potion of mutation]
 24183 | D:15     | Found a staircase to the Depths.
 24327 | D:15     | Reached skill level 18 in Fighting
 24745 | Orc:1    | Entered Level 1 of the Orcish Mines
 24745 | Orc:1    | Found Wocleu Zaed's General Store.
 24752 | Orc:1    | Bought a potion of heal wounds for 75 gold pieces
 24752 | Orc:1    | Found a runed translucent gate.
 24752 | Orc:1    | Found a runed translucent gate.
 24752 | Orc:1    | Found a runed translucent gate.
 24757 | Orc:1    | Noticed Joaw's ghost (journeyman GrFi)
 24859 | Orc:2    | Entered Level 2 of the Orcish Mines
 24952 | Orc:2    | Found Xeyschami's Distillery.
 25051 | Orc:2    | Found a staircase to the Elven Halls.
 25078 | Orc:2    | Found Vuga's Magic Scroll Emporium.
 25093 | Orc:2    | Bought a scroll of blinking for 135 gold pieces
 25157 | Orc:2    | Found Neigepru's Distillery.
 25176 | Orc:2    | Found Muice's General Store.
 25180 | Orc:2    | Found Giph's Specific Store.
 25619 | Orc:2    | Noticed an orc warlord
 25728 | Orc:2    | Killed an orc warlord
 25740 | Orc:2    | Found Yptynlu's Antique Weapon Boutique.
 25742 | Orc:2    | Found Qahoumif's Antique Armour Shop.
 26336 | Orc:2    | Bought 2 potions of mutation for 224 gold pieces
 26385 | Orc:2    | Bought 2 potions of mutation for 224 gold pieces
 26385 | Orc:2    | Lost mutation: You passively dampen the noise of your
                  | surroundings. [potion of mutation]
 26385 | Orc:2    | Lost mutation: You possess an exceptional clarity of mind.
                  | [potion of mutation]
 26385 | Orc:2    | Gained mutation: You are vulnerable to heat. (rF-) [potion
                  | of mutation]
 26385 | Orc:2    | Gained mutation: You are partially covered in iridescent
                  | scales. (AC +2) [potion of mutation]
 26386 | Orc:2    | Lost mutation: Potions are less effective at restoring your
                  | health. [potion of mutation]
 26386 | Orc:2    | Lost mutation: You are frail. (-10% HP) [potion of
                  | mutation]
 26386 | Orc:2    | Lost mutation: Your spells are a little harder to cast, but
                  | a little more powerful. [potion of mutation]
 26386 | Orc:2    | Lost mutation: You are vulnerable to heat. (rF-) [potion of
                  | mutation]
 26386 | Orc:2    | Gained mutation: You have sharp toenails. [potion of
                  | mutation]
 26483 | Orc:1    | Bought a scroll of identify for 30 gold pieces
 26488 | Orc:1    | Bought a scroll of identify for 30 gold pieces
 26501 | Orc:1    | Reached XP level 16. HP: 166/166 MP: 32/32
 26525 | Orc:1    | Killed Joaw's ghost
 26774 | D:8      | Bought a manual of Fighting for 960 gold pieces
 26959 | Orc:2    | Bought a potion of haste for 150 gold pieces
 27008 | Orc:2    | Bought a potion of heal wounds for 70 gold pieces
 27008 | Orc:2    | Bought a potion of magic for 112 gold pieces
 27008 | Orc:2    | Bought a potion of haste for 140 gold pieces
 27238 | Spider:1 | Entered Level 1 of the Spider Nest
 27327 | Lair:4   | Killed KimchiStew's ghost
 27718 | Spider:1 | Identified Roxanne's Textbook on Variation
 27718 | Spider:1 | Noticed Roxanne
 27803 | Spider:1 | Noticed Asterion
 27812 | Spider:1 | Killed Asterion
 28157 | Spider:1 | Reached skill level 15 in Transmutations
 28999 | Spider:1 | Killed Roxanne
 29699 | Spider:2 | Got Lehudib's Almanac of Arenous Striking
 30035 | Spider:3 | Reached skill level 19 in Fighting
 30313 | Spider:3 | Noticed Jorgrun
 30592 | Spider:3 | Killed Jorgrun
 30760 | Spider:3 | Reached XP level 17. HP: 180/180 MP: 32/34
 30961 | Spider:4 | Entered Level 4 of the Spider Nest
 30973 | Spider:3 | Reached skill level 20 in Fighting
 31771 | Spider:4 | Found a runed translucent door.
 31772 | Spider:4 | Noticed Zepudu's ghost (adept MiFi)
 32270 | Spider:4 | Reached skill level 10 in Invocations
 32279 | Spider:4 | Identified the +0 pair of boots "Rijaonot" {Harm}
 32554 | Spider:4 | Got a gossamer rune of Zot
 32712 | Spider:4 | Killed Zepudu's ghost
 32718 | Spider:4 | Identified the ring of Gacerit {rPois rF+ rCorr Int+5 SInv}
 33029 | Orc:2    | Bought a scroll of identify for 36 gold pieces
 33029 | Orc:2    | Bought a scroll of identify for 36 gold pieces
 33029 | Orc:2    | Bought a scroll of fear for 72 gold pieces
 33271 | Shoals:1 | Entered Level 1 of the Shoals
 33713 | Shoals:1 | Reached skill level 15 in Unarmed Combat
 34143 | Shoals:2 | Reached XP level 18. HP: 189/189 MP: 35/35
 35504 | Shoals:4 | Entered Level 4 of the Shoals
 35508 | Shoals:4 | Noticed Donald
 35515 | Shoals:4 | Killed Donald
 35516 | Shoals:4 | Reached skill level 21 in Fighting
 36300 | Shoals:4 | Got a barnacled rune of Zot
 36756 | Shoals:4 | Identified the +4 mace "Cis Cymm" {freeze, rElec rF+ MP+9
                  | Int+3}
 36845 | Shoals:4 | Identified a scroll of acquirement
 36920 | Shoals:4 | Identified the +4 dagger of Exquisite Death {flame, rCorr}
 37864 | D:12     | You paid a toll of a +5 demon trident to enter a treasure
                  | trove
 37865 | Trove    | Entered a treasure trove
 37965 | D:12     | Learned a level 3 spell: Vhi's Electric Charge
 38044 | Vaults:1 | Entered Level 1 of the Vaults
 38144 | Vaults:1 | Reached skill level 1 in Air Magic
 38145 | Vaults:1 | Reached skill level 1 in Translocations
 38321 | Vaults:1 | Learned a level 3 spell: Ozocubu's Armour
 38680 | Vaults:1 | Reached XP level 19. HP: 203/203 MP: 37/37
 39567 | Vaults:2 | Paralysed by a great orb of eyes for 4 turns
 39949 | Vaults:2 | Reached skill level 5 in Translocations
 39949 | Vaults:2 | Reached skill level 5 in Air Magic
 41135 | Vaults:3 | Reached XP level 20. HP: 212/212 MP: 32/38
 41460 | Vaults:3 | Identified the +2 plate armour of Circular Logic {rPois
                  | rCorr Dex-3 SInv}
 41533 | Vaults:3 | Reached skill level 10 in Dodging
 41620 | Vaults:3 | Found a staircase to the Crypt.
 41620 | Vaults:3 | Found a basalt altar of Yredelemnul.
 41627 | Vaults:3 | Found an ancient bone altar of Kikubaaqudgha.
 42192 | Vaults:4 | Reached skill level 22 in Fighting
 42379 | Vaults:4 | Noticed a dread lich
 42382 | Vaults:4 | Killed a dread lich
 42592 | Vaults:4 | Reached skill level 23 in Fighting
 43304 | Lair:1   | Killed Mesmaeker13's ghost
 43305 | Lair:1   | Reached skill level 10 in Evocations
 43310 | Lair:1   | Identified the ring "Moosh" {rPois rF- rN+ AC+4 Int-2
                  | Dex+6}
 43563 | Depths:1 | Entered Level 1 of the Depths
 43582 | D:15     | Reached skill level 24 in Fighting
 43901 | Depths:1 | Reached XP level 21. HP: 201/201 MP: 26/39
 43901 | Depths:1 | Paralysed by something for 5 turns
 44557 | Depths:1 | Found Isiudah's Book Shop.
 44558 | Depths:1 | Found Gauwk's Jewellery Emporium.
 44558 | Depths:1 | Found Cuczaw's Jewellery Emporium.
 44646 | Depths:1 | Found a gateway to Hell.
 44657 | Depths:1 | Found a runed translucent gate.
 44657 | Depths:1 | Found a runed translucent gate.
 44657 | Depths:1 | Found a runed translucent gate.
 44658 | Depths:1 | Found an opulent altar of Gozag.
 44658 | Depths:1 | Noticed vineage's ghost (master GrFi)
 44660 | Depths:1 | Found Qaidgh's Assorted Antiques.
 44739 | Depths:1 | Found a broken altar of Ashenzari.
 45169 | Depths:2 | Found a one-way gateway to a ziggurat.
 45271 | Depths:2 | Learned a level 6 spell: Statue Form
 45326 | Depths:2 | Acquired 949 gold pieces
 45443 | Depths:2 | Found a one-way gate leading to the halls of Pandemonium.
 45528 | Depths:2 | Reached skill level 1 in Earth Magic
 45596 | Depths:2 | Identified the +1 whip "Geoc" {vamp, rElec rF+ Will+}
 45679 | Depths:1 | Bought a book of Displacement for 286 gold pieces
 45682 | Depths:1 | Learned a level 2 spell: Lesser Beckoning
 45972 | Depths:3 | Reached skill level 25 in Fighting
 46036 | Depths:3 | Reached XP level 22. HP: 240/240 MP: 38/40
 46042 | Depths:3 | Found Ydeg's Distillery.
 46046 | Depths:3 | Found a sparkling altar of Nemelex Xobeh.
 46050 | Depths:3 | Bought a potion of heal wounds for 60 gold pieces
 46050 | Depths:3 | Bought a potion of haste for 120 gold pieces
 46853 | Depths:3 | Found a runed translucent door.
 46879 | Depths:3 | Found a runed translucent door.
 47389 | Depths:3 | Found a shadowy altar of Dithmenos.
 47416 | Depths:3 | Found a one-way gate to the infinite horrors of the Abyss.
 47424 | Depths:3 | Found a runed translucent door.
 47431 | Depths:3 | Noticed Ulof's ghost (adept HOMo)
 47983 | Depths:1 | Bought the amulet of Lipeo {Faith rElec rF+} for 976 gold
                  | pieces
 48067 | Depths:4 | Entered Level 4 of the Depths
 48147 | Depths:4 | Reached skill level 15 in Spellcasting
 48185 | Depths:4 | Found a magical portal.
 48196 | WizLab   | Entered The Hall of the Hellbinder
 48262 | WizLab   | Reached skill level 5 in Earth Magic
 48429 | WizLab   | Found a burning altar of Makhleb.
 48444 | WizLab   | Noticed Icvuokh
 48454 | WizLab   | Gained mutation: You are frail. (-10% HP) [a cacodemon]
 48511 | WizLab   | Killed Icvuokh the Hellbinder
 48787 | WizLab   | Got the Incunabulum of the Throng
 48790 | WizLab   | Identified the amulet "Fysuri" {rElec Regen+}
 48828 | WizLab   | Identified the ring of Laodghoshrujiu {Drain Fly Str+4}
 48834 | WizLab   | Identified the staff of earth "Weluiz" {rF- rCorr Str+6}
 48913 | Depths:4 | Lost mutation: You are frail. (-10% HP) [potion of
                  | mutation]
 48913 | Depths:4 | Lost mutation: You are partially covered in iridescent
                  | scales. (AC +2) [potion of mutation]
 48913 | Depths:4 | Gained mutation: Your spells are a little harder to cast,
                  | but a little more powerful. [potion of mutation]
 48913 | Depths:4 | Gained mutation: Your mind is acute. (Int +4, Str/Dex -1)
                  | [potion of mutation]
 49316 | Depths:4 | Found a gate to the Realm of Zot.
 49338 | Depths:4 | Reached skill level 26 in Fighting
 49693 | Depths:4 | Noticed a golden dragon
 49699 | Depths:4 | Killed a golden dragon
 49825 | Depths:4 | Acquired the Parchment of Evolution
 49833 | Depths:4 | Learned a level 5 spell: Yara's Violent Unravelling
 50117 | Vaults:5 | Entered Level 5 of the Vaults
 50140 | Vaults:5 | Noticed an ancient lich
 50147 | Vaults:5 | Reached XP level 23. HP: 252/252 MP: 30/42
 50148 | Vaults:5 | Killed an ancient lich
 50219 | Vaults:5 | Identified the staff of fire "Itranlap" {rPois rF+}
 50261 | Vaults:5 | Noticed a golden dragon
 50266 | Vaults:5 | Killed a golden dragon
 50825 | Vaults:5 | Noticed a dread lich
 50834 | Vaults:5 | Killed a dread lich
 50835 | Vaults:5 | Reached skill level 27 in Fighting
 50840 | Vaults:5 | Found Hiucah's General Store.
 50849 | Vaults:5 | Bought the ring "Poitz" {Will+ Str+3} for 612 gold pieces
 51188 | Vaults:5 | Noticed a golden dragon
 51200 | Vaults:5 | Killed a golden dragon
 51201 | Vaults:5 | Reached skill level 10 in Earth Magic
 51655 | Vaults:5 | Noticed a golden dragon
 51661 | Vaults:5 | Killed a golden dragon
 51733 | Vaults:5 | Got a silver rune of Zot
 52053 | Vaults:5 | Identified the +2 hand axe "Qesher" {freeze, rF+ Int+5}
 52282 | Vaults:5 | Reached XP level 24. HP: 265/265 MP: 37/42
 52620 | Zot:1    | Entered Level 1 of the Realm of Zot
 52927 | Zot:1    | Noticed an orb of fire
 52933 | Zot:1    | Killed an orb of fire
 54526 | Zot:2    | Identified the ring of Gozag's Pride {Ice Str+3 Int+3}
 54526 | Zot:2    | Noticed Josephina
 56775 | Zot:2    | Killed Josephina
 58234 | Zot:3    | Reached XP level 25. HP: 273/273 MP: 42/42
 58416 | Zot:3    | Identified the +11 orcbow "Ultimatum" {freeze, Fly rF-
                  | rCorr Stlth+}
 58801 | Zot:4    | Identified the +2 robe "Axtem" {rElec Slay-2 Stlth+
                  | Archmagi}
 58875 | Zot:4    | Noticed an orb of fire
 58879 | Zot:4    | Killed an orb of fire
 59173 | Zot:4    | Reached skill level 15 in Dodging
 59626 | Zot:5    | Entered Level 5 of the Realm of Zot
 59643 | Zot:5    | HP: 20/409 [poisoned by a green draconian monk]
 60083 | Zot:5    | Noticed a Killer Klown
 60092 | Zot:5    | Killed a Killer Klown
 60533 | Zot:5    | Noticed a dread lich
 60766 | Zot:5    | Killed a dread lich
 61066 | Zot:5    | Noticed an orb of fire
 61071 | Zot:5    | Killed an orb of fire
 61105 | Zot:5    | Noticed an ancient lich
 61120 | Zot:5    | Killed an ancient lich
 61140 | Zot:5    | Noticed an orb of fire
 61148 | Zot:5    | Gained mutation: You occasionally lose the ability to drink
                  | potions when taking damage. [an orb of fire]
 61150 | Zot:5    | Killed an orb of fire
 61236 | Zot:4    | Lost mutation: You have sharp toenails. [potion of
                  | mutation]
 61236 | Zot:4    | Lost mutation: Your spells are a little harder to cast, but
                  | a little more powerful. [potion of mutation]
 61236 | Zot:4    | Gained mutation: Your spells are a little harder to cast,
                  | but a little more powerful. [potion of mutation]
 61237 | Zot:4    | Lost mutation: Your mind is acute. (Int +4, Str/Dex -1)
                  | [potion of mutation]
 61237 | Zot:4    | Lost mutation: Your spells are a little harder to cast, but
                  | a little more powerful. [potion of mutation]
 61237 | Zot:4    | Gained mutation: You are robust. (+10% HP) [potion of
                  | mutation]
 61237 | Zot:4    | Gained mutation: You possess an exceptional clarity of
                  | mind. [potion of mutation]
 61238 | Zot:4    | Lost mutation: You possess an exceptional clarity of mind.
                  | [potion of mutation]
 61238 | Zot:4    | Lost mutation: You are robust. (+10% HP) [potion of
                  | mutation]
 61238 | Zot:4    | Gained mutation: You sometimes lose your temper in combat.
                  | [potion of mutation]
 61239 | Zot:4    | Lost mutation: You sometimes lose your temper in combat.
                  | [potion of mutation]
 61239 | Zot:4    | Lost mutation: You occasionally lose the ability to drink
                  | potions when taking damage. [potion of mutation]
 61239 | Zot:4    | Gained mutation: Your system is resistant to poisons.
                  | (rPois) [potion of mutation]
 61239 | Zot:4    | Gained mutation: Your mind is acute. (Int +4, Str/Dex -1)
                  | [potion of mutation]
 61239 | Zot:4    | Gained mutation: You occasionally lose the ability to read
                  | scrolls when taking damage. [potion of mutation]
 61239 | Zot:4    | Gained mutation: Your movements are slightly less
                  | encumbered by armour. (ER -2) [potion of mutation]
 61318 | Zot:5    | Noticed a Killer Klown
 61332 | Zot:5    | Killed a Killer Klown
 61398 | Zot:5    | Learned a level 1 spell: Apportation
 61440 | Zot:5    | Reached XP level 26. HP: 282/282 MP: 42/42
 61516 | Zot:5    | Noticed a Killer Klown
 61521 | Zot:5    | Killed a Killer Klown
 61556 | Zot:5    | Noticed a dread lich
 61560 | Zot:5    | Killed a dread lich
 61579 | Zot:5    | Noticed an ancient lich
 61584 | Zot:5    | Noticed an orb of fire
 61595 | Zot:5    | Noticed a Killer Klown
 61602 | Zot:5    | Killed a Killer Klown
 61608 | Zot:5    | Killed an orb of fire
 61637 | Zot:5    | Noticed a dread lich
 61678 | Zot:5    | Killed a dread lich
 61715 | Zot:5    | Noticed a dread lich
 61725 | Zot:5    | Killed a dread lich
 62143 | Zot:5    | Got the Orb of Zot
 62196 | Zot:5    | Killed an ancient lich
 62203 | Zot:5    | Noticed Guomaogu the pandemonium lord
 62281 | Zot:1    | Noticed Valoge the pandemonium lord
 62331 | Depths:4 | Noticed Ziju the pandemonium lord
 62340 | Depths:4 | Killed Ziju the pandemonium lord
 62527 | D:12     | Noticed Zicudam the pandemonium lord
 62536 | D:12     | Killed Zicudam the pandemonium lord
 62758 | D:1      | gg
 62759 | D:$      | Escaped with the Orb!

Illustrated notes

##.(##....##.##............#
##..#####.##....#.....####.#
.....# #.##########..# #.# .##..#
#.# ####..# #.###### .##..##
#.#######.....# #....... ......#
#......##.....# #..#####
..#...###########.....# #..#####
..#..........###R8....# #.......
..#..##........#D....## #..#####
..#...#.####.###.8...# #..#
.##.#...####.####....#####..#
.##...####..#..##...........#
.##.### #.#.####....#####.######
..#.### #.#.#######.### #.......
......####.#...#####...##########
........##.#####.......##.##
.##.#.#................#.#.##


Turn 62758 on D:1: gg

Levels and vault maps discovered:
D:1:      mrwooster_arrival_statue, layout_loops_ring
D:2:      layout_basic, uniq_natasha, uniq_jessica
D:3:      layout_basic, vehumet_crystals, minmay_divided_ellipse
D:4:      layout_gridville, minmay_temple_entry_glassed_door,
          serial_co_window_serial, co_window_paths_b,
          co_window_of_opportunity_a, co_window_paths_a, co_window_paths_b,
          co_window_of_opportunity_a, co_window_unsneaky_path_b,
          co_window_cross_4, co_window_2corner, co_window_cross_4,
          co_window_of_opportunity_c, glass_columns_b, glass_columns_a,
          glass_columns_b, glass_columns_a
D:5:      minmay_chambers_of_fours, layout_loops_ring,
          mainiacjoe_overflow_surrounded_room, jmf_multi_god_temple,
          kennysheep_cross_room
D:6:      layout_basic, gammafunk_temple_overflow_wave
D:7:      layout_gridville, grunt_temple_overflow_open
D:8:      layout_loops_ring, kennysheep_decorative_pillar,
          nicolae_shop_self_help, uniq_psyche, uniq_gastronok, uniq_pikel
D:9:      layout_basic, elyvilon_altar_5
D:10:     layout_roguey, zin_statuary, david_lair_shrubbed,
          minmay_chambers_of_fives, uniq_erica, uniq_grum, uniq_maggie
D:11:     layout_long_grid, fountainhead, minmay_misc_feat_room
D:12:     layout_long_grid, minmay_orc_entry_temple_small, enter_trove_3,
          uniq_lodul
D:13:     layout_cave_pods, grunt_vaults_entry_tiered, uniq_nessos, uniq_rupert,
          uniq_frances
D:14:     layout_long_grid, minivault_24
D:15:     grunt_enter_depths_magical_seal, layout_basic,
          hangedman_abyss_or_decor_passed
Temple:   nicolae_temple_ecumenical_triangle
Lair:1:   layout_big_grid, gammafunk_ghost_berserking_beasts,
          grunt_megastairs_1, lemuel_fruit_tree, serial_bayou_shore_b,
          uniq_nergalle
Lair:2:   layout_roguey
Lair:3:   layout_cave_pods, elwin_shoals_entry_rooms,
          nicolae_spider_entry_lesser_pyramids, nzn_masters_of_martial_movement
Lair:4:   layout_loops_ring, gammafunk_ghost_hive,
          chequers_serial_rivers_micro_e, serial_bayou_shore_b
Lair:5:   due_jungle_book, layout_concentric_octagons, slime_entry_1
Shoals:1: layout_shoals
Shoals:2: layout_shoals
Shoals:3: layout_shoals
Shoals:4: shoals_end_grunt_garden, layout_shoals, uniq_donald
Spider:1: layout_cave_pods, drop_trap, hangedman_spider_tarantella_strand,
          uniq_asterion, uniq_roxanne
Spider:2: layout_spider_delve, guppyfry_spider_mini_2
Spider:3: layout_spider_delve, uniq_jorgrun
Spider:4: hellmonk_spider_rune_bug_friends, ebering_ghost_reflecting_pool
Orc:1:    layout_diamond_mine, basic_altar, serial_shops, shop,
          gammafunk_ghost_necromancy
Orc:2:    grunt_orc_community_town_hall, layout_caves,
          grunt_orc_community_big_house_1, grunt_orc_community_big_house_1,
          grunt_orc_community_house_2, grunt_orc_community_house_3,
          grunt_orc_community_house_2, grunt_orc_community_house_3,
          grunt_orc_community_house_1, grunt_orc_community_house_3,
          serial_shops, nicolae_shop_industrial_runoff, nicolae_orc_pool_cavern,
          nicolae_orc_sculptors_studio, nicolae_specific_store
Vaults:1: nicolae_vaults_little_squares_4, nicolae_vaults_trapezoid_layered,
          nicolae_vaults_gold_heap, nicolae_vaults_trapezoid_layered,
          nicolae_vaults_theta, v_misc_18, nicolae_vaults_ninety_degrees,
          ontoclasm_vaults_gallery, v_rooms_5, layout_vaults_quadrants
Vaults:2: nicolae_vaults_wrenched, hangedman_vaults_hat,
          nicolae_vaults_octothorpe, nicolae_vaults_security_offices_5,
          nicolae_vaults_sightless_eye, vaults_standard_mumra_enter_the_diamond,
          nicolae_vaults_little_squares_3, nicolae_vaults_what_the_h,
          vaults_standard_mumra_x, vaults_dpeg_ring, nicolae_vaults_two_Ls,
          v_misc_25, v_misc_15, layout_vaults_omnibox
Vaults:3: hangedman_vaults_slither, minmay_crypt_entry_necro_gods, v_misc_24,
          vaults_room_boxed, hangedman_vaults_maws, ontoclasm_vaults_spin,
          vaults_dpeg_emergency_exit, layout_vaults_chaotic_city
Vaults:4: nicolae_vaults_tetromino_Z_1, nicolae_vaults_shipping_containers_7,
          v_pattern_4, grunt_vaults_hallway_long, v_misc_1,
          ontoclasm_vaults_ligature, grunt_vaults_funnel,
          nicolae_vaults_ring_of_whatevers, v_misc_22, layout_vaults_omnicross
Vaults:5
Depths:1: layout_cave_shapes, ebering_ghost_gozag, grunt_decor_resistance,
          nicolae_hell_entry_hellmouth_sunbeams, nicolae_ashenzari_skybound,
          minmay_shop_grove
Depths:2: dreamdust_hydra_shepherd, layout_honeycomb, enter_ziggurat_a,
          hell_entry, grunt_decor_one_mirror, rand_demon_pan_entry_7,
          firewood_loft
Depths:3: cheibrodos_witchhunters_guild, layout_gridlike, abyss_entry,
          nemelex_xobeh_ov_fountains_minmay, serial_shops, shop, hell_entry,
          muffindrake_ghost_dead_mans_drink, serial_curves, eino_curves_01,
          eino_curves_01, eino_curves_02, nicolae_dithmenos_the_darkroom
Depths:4: grunt_zot_entry_funnels, layout_cave_pools, mu_enter_wizlab_5,
          hell_entry, grunt_megastairs_5
Zot:1:    layout_cellular_growth
Zot:2:    nicolae_moth_party, layout_concentric_octagons, uniq_josephina,
          uniq_grunn
Zot:3:    layout_misc_corridors, nicolae_zot_crop_circle
Zot:4:    layout_gridlike, grunt_megastairs_4
Zot:5:    layout_gridlike, st_stairs_14, skrybe_zot_glass_2

Skill      XL: |  1  2  3  4  5  6  7  8  9 10 11 12 13 14 15 16 17 18 19 20 21 22 23 24 25 26 |
---------------+-------------------------------------------------------------------------------+-----
Fighting       | 2 3 5 7 9 10 11 13 14 16 18 19 20 21 24 25 26 27 | 27.0
Transmutations | 2 3 5 7 8 9 10 12 13 15 16 17 | 17.0
Spellcasting   | 3 4 5 6 7 9 11 12 13 14 15 | 15.0
Unarmed Combat | 3 4 5 6 8 9 11 12 13 15 16 17 19 21 22 | 22.8
Poison Magic   | 1 2 |  2.0
Dodging        | 2 3 4 5 7 9 11 14 15 | 15.0
Ice Magic      | 1 4 |  4.0
Evocations     | 4 5 10 11 12 14 | 14.0
Invocations    | 4 5 7 10 11 12 14 | 14.0
Air Magic      | 3 6 |  6.0
Translocations | 2 6 |  6.0
Earth Magic    | 2 6 10 | 10.0

Action                     |  1- 3 |  4- 6 |  7- 9 | 10-12 | 13-15 | 16-18 | 19-21 | 22-24 | 25-27 || total
---------------------------+-------+-------+-------+-------+-------+-------+-------+-------+-------++-------
  Melee: Unarmed           |    81 |   164 |   384 |   250 |   622 |   537 |   546 |   571 |   217 ||  3372
         Kick              |    14 |    10 |       |       |     2 |     4 |       |     4 |     2 ||    36
         Headbutt          |     8 |     7 |       |       |       |       |       |       |       ||    15
         Punch             |       |     1 |     3 |       |     5 |    42 |    44 |    89 |    31 ||   215
         Tailslap          |       |       |       |       |     4 |    68 |    99 |   123 |    49 ||   343
         Bite              |       |       |       |       |     1 |    57 |    68 |    99 |    35 ||   260
         Rapier            |       |       |       |       |       |    17 |       |       |       ||    17
  Throw: Dart              |       |     2 |     1 |     2 |       |       |       |       |       ||     5
   Cast: Beastly Appendage |    18 |     9 |       |       |       |       |       |       |       ||    27
         Wereblood         |       |     4 |     3 |       |     1 |       |    18 |    19 |     4 ||    49
         Spider Form       |       |    16 |    39 |     2 |     2 |       |       |       |       ||    59
         Ice Form          |       |       |    11 |    40 |    70 |     3 |       |       |     1 ||   125
         Dragon Form       |       |       |       |       |     8 |    76 |    52 |    78 |    39 ||   253
         Ozocubu's Armour  |       |       |       |       |       |     1 |       |     1 |       ||     2
         Vhi's Electric Ch |       |       |       |       |       |       |    73 |    33 |    20 ||   126
         Statue Form       |       |       |       |       |       |       |       |     2 |       ||     2
         Lesser Beckoning  |       |       |       |       |       |       |       |     1 |     4 ||     5
         Yara's Violent Un |       |       |       |       |       |       |       |       |     1 ||     1
 Invoke: Recall Ancestor   |       |       |     1 |     1 |     4 |     2 |     1 |     2 |     6 ||    17
         Ancestor Life: Ba |       |       |     1 |       |       |       |       |       |       ||     1
         Ancestor Identity |       |       |     1 |       |       |       |       |       |       ||     1
         Idealise          |       |       |       |       |     6 |     7 |     5 |    13 |     8 ||    39
         Transference      |       |       |       |       |     1 |       |       |       |     1 ||     2
Ability: End Transformatio |       |       |     1 |     1 |     1 |     3 |     3 |     4 |     1 ||    14
         Breathe Fire      |       |       |       |       |     1 |       |       |       |       ||     1
  Evoke: Wand              |       |     1 |     1 |     3 |     6 |       |     3 |     2 |     8 ||    24
         Tin of tremorston |       |       |       |       |     2 |       |       |     4 |       ||     6
    Use: Scroll            |       |     7 |     1 |     4 |    15 |    10 |    11 |     6 |     7 ||    61
         Potion            |       |       |     1 |     3 |     5 |       |    16 |     6 |    11 ||    42
   Stab: Distracted        |       |       |     2 |     3 |    12 |     7 |     4 |     5 |     3 ||    36
         Invisible         |       |       |       |       |       |       |       |       |     1 ||     1
 Armour: Robe              |    23 |    17 |    16 |     5 |    10 |    24 |       |     3 |     1 ||    99
         Skin              |       |     2 |    30 |    49 |   162 |   267 |   173 |   210 |    77 ||   970
  Dodge: Dodged            |    55 |   119 |   307 |   129 |   368 |   430 |   337 |   284 |    93 ||  2122
  Block: Other             |       |       |       |     6 |   122 |   141 |       |       |       ||   269
         Reflection        |       |       |       |       |    10 |     6 |       |       |       ||    16

Table legend: (Time is in decaauts)
 A = Elapsed time spent in this place.
 B = Non-inter-level travel time spent in this place.
 C = Inter-level travel time spent in this place.
 D = Time resting spent in this place.
 E = Time spent auto-exploring this place.
 F = Levels seen in this place.
 G = Mean time per level.
                   A        B        C        D        E       F      G
               +--------+--------+--------+--------+--------+-----+--------+
         Total |  62087 |  55976 |   6111 |  15333 |  25308 |  47 | 1321.0 |
       Dungeon |  20788 |  18119 |   2669 |   4345 |   8396 |  15 | 1385.9 |
        Temple |     41 |     37 |      4 |      0 |      0 |   1 |   41.0 |
          Lair |   6380 |   5387 |    993 |    835 |   3175 |   5 | 1276.0 |
        Shoals |   4146 |   3928 |    218 |   1724 |   1337 |   4 | 1036.5 |
   Spider Nest |   5549 |   5224 |    325 |   2230 |   1800 |   4 | 1387.2 |
  Orcish Mines |   2203 |   1659 |    544 |    214 |   1009 |   2 | 1101.5 |
        Vaults |   7378 |   6891 |    487 |   1567 |   3518 |   5 | 1475.6 |
        Depths |   5457 |   4947 |    510 |   1331 |   2427 |   4 | 1364.2 |
           Zot |   9392 |   9033 |    359 |   2817 |   3597 |   5 | 1878.4 |
         Trove |     86 |     86 |      0 |      0 |      0 |   1 |   86.0 |
        Wizlab |    662 |    662 |      0 |    268 |     49 |   1 |  662.0 |
               +--------+--------+--------+--------+--------+-----+--------+

Top non-repeatable levels by time:
   Zot:2: 3703 daAuts
    D:13: 2427 daAuts
Vaults:5: 2159 daAuts
    D:12: 2001 daAuts
  Lair:5: 1960 daAuts
Spider:1: 1947 daAuts
   Zot:5: 1926 daAuts
Shoals:3: 1856 daAuts
Depths:3: 1813 daAuts
    D:10: 1803 daAuts
     D:5: 1682 daAuts
Vaults:1: 1655 daAuts
   Orc:2: 1479 daAuts
Vaults:2: 1462 daAuts
   Zot:4: 1418 daAuts
